 Dungeon Crawl Stone Soup version 0.32-a0-172-gc5dd13f2a7 (webtiles) character file.

Game seed: 8003581660427491489

10164 Newt the Markskobold (level 11, 0/75 HPs)
             Began as a Kobold Hunter on Feb 12, 2024.
             Was a Believer of Okawaru.
             Slain by a manticore (16 damage)
             ... on level 12 of the Dungeon.
             The game lasted 00:12:32 (11584 turns).

Newt the Markskobold (Kobold Hunter)               Turns: 11584, Time: 00:12:33

Health: 0/75       AC:  4    Str:  8    XL:     11   Next: 87%
Magic:  11/11      EV: 20    Int: 11    God:    Okawaru [**....]
Gold:   426        SH:  5    Dex: 27    Spells: 10/10 levels left

rFire   . . .        a - +3 shortbow (flame)
rCold   . . .        (shield currently unavailable)
rNeg    + + +        c - +1 leather armour
rPois   .            (helmet currently unavailable)
rElec   +            (cloak currently unavailable)
rCorr   .            (gloves currently unavailable)
SInv    .            (boots currently unavailable)
Will    .....        p - amulet of reflection
Stlth   +++          l - +6 ring of dexterity
HPRegen 0.32/turn    D - ring of Kidwy {^Drain rElec rN+++ EV+5 Str-4}
MPRegen 0.12/turn

%: reflection
@: beast-form
A: beast (slay +4), small, no large weapons, nightstalker 3, antennae 1, hooves
1, strong 1
a: Begin Untransformation, Renounce Religion, Heroism


You were on level 12 of the Dungeon.
You worshipped Okawaru.
Okawaru was pleased with you.
You were a hulking beast.
You visited 2 branches of the dungeon, and saw 13 of its levels.
You also visited: Sewer.

You collected 1462 gold pieces.
You spent 1036 gold pieces at shops.

Inventory:

Hand Weapons
 a - a +3 shortbow of flaming (weapon)
Missiles
 r - 2 throwing nets
Armour
 c - a +1 leather armour (worn)
Jewellery
 f - a ring of resist corrosion
 l - a +6 ring of dexterity (left hand)
 m - a ring of magical power
 p - an amulet of reflection (around neck)
 q - a +6 ring of dexterity
 y - a ring of willpower
 D - the ring of Kidwy (right hand) {^Drain rElec rN+++ EV+5 Str-4}
   (You acquired it on level 7 of the Dungeon)

   [ring of evasion]

   EV+5:      It affects your evasion (+5).
   Str-4:     It affects your strength (-4).
   rElec:     It insulates you from electricity.
   rN+++:     It renders you almost immune to negative energy.
   ^Drain:    It drains your maximum health when unequipped.
 K - a +6 ring of strength
 N - a ring of protection from fire
Talismans
 j - a beast talisman (active)
Wands
 o - a wand of light (11)
 C - a wand of mindburst (12)
 F - a wand of roots (6)
 G - a wand of charming (18)
 L - a wand of digging (5)
 P - a wand of polymorph (4)
Scrolls
 b - a scroll of butterflies
 i - 2 scrolls of immolation
 t - 2 scrolls of silence
 u - 2 scrolls of fear
 B - a scroll of enchant armour
 E - 2 scrolls of fog
 I - a scroll of vulnerability
 J - a scroll of poison
 M - a scroll of noise
 O - 3 scrolls of identify
 Q - a scroll of teleportation
Potions
 d - a potion of cancellation
 e - 2 potions of might
 g - 3 potions of attraction
 h - a potion of berserk rage
 k - 3 potions of curing
 s - a potion of brilliance
 v - a potion of degeneration
 w - a potion of resistance
 x - 4 potions of heal wounds
 z - 3 potions of enlightenment
 A - 3 potions of mutation
 H - a potion of lignification


   Skills:
 + Level 11.6 Fighting
 * Level 16.5 Ranged Weapons
 - Level 2.4 Dodging
 - Level 1.3 Stealth
 - Level 7.0 Shapeshifting


You had 10 spell levels left.
You didn't know any spells.
Your spell library contained the following spells:

 Spells                   Type           Power      Damage    Failure   Level
 Kiss of Death            Conj/Necr      0%         2d5       45%         1
 Magic Dart               Conj           0%         1d3       45%         1
 Searing Ray              Conj           0%         2d4       61%         2
 Sublimation of Blood     Necr           0%         N/A       61%         2
 Confusing Touch          Hex            0%         N/A       83%         3
 Frozen Ramparts          Ice            0%         1d1       83%         3
 Inner Flame              Hex/Fire       0%         N/A       83%         3
 Dispel Undead            Necr           0%         3d6       99%         4
 Fulminant Prism          Conj/Alch      0%         3d5       99%         4
 Leda's Liquefaction      Alch/Erth      0%         N/A       99%         4
 Petrify                  Alch/Erth      0%         N/A       99%         4
 Irradiate                Conj/Alch      0%         3d11      100%        5
 Metabolic Englaciation   Hex/Ice        0%         N/A       100%        5
 Ignition                 Fire           0%         3d3       100%        8


Dungeon Overview and Level Annotations

Branches:
Dungeon (12/15)            Temple (1/1) D:6            Lair (0/5) D:8
  Sewer (visited)
    Orc: D:9-12

Altars:
Ashenzari
Cheibriados
Dithmenos
Elyvilon
Fedhas
Gozag
Hepliaklqana
Kikubaaqudgha
Makhleb
Nemelex Xobeh
Okawaru
Qazlal
Ru
Sif Muna
Trog
Uskayaw
Vehumet
Wu Jian
Xom
Yredelemnul
Zin
The Shining One

Shops:
D:2 =   D:4 *   D:5 (   D:9 [

Annotations:
D:5 2 transporters, Vadun's ghost, novice TeFi
D:12 Rupert


Innate Abilities, Weirdness & Mutations

You are a hulking beast.
Your limbs bulge with bestial killing power. (Slay +4)
You are small and have problems with some larger weapons.
You are completely attuned to the shadows.
You have a pair of small antennae on your head.
You have large cloven feet.
Your muscles are strong. (Str +4, Int/Dex -1)


Message History

Press: ? - help, Shift-Dir - straight line, f - Rupert
Aim: Rupert, wielding a +2 great mace of protection and wearing a +1 chain mail of cold resistance (almost dead, berserk, 79% to hit)
The bolt of light misses Rupert.
Unknown command.
Aiming: Bolt of Light
Press: ? - help, Shift-Dir - straight line, f/p - Rupert
Aim: Rupert, wielding a +2 great mace of protection and wearing a +1 chain mail of cold resistance (almost dead, berserk, 79% to hit)
The bolt of light misses Rupert.
Rupert hits you with a +2 great mace of protection!
* * * LOW HITPOINT WARNING * * *
Blink to where?
Press: ? - help, Dir - move target, p - Rupert
As you read the scroll of blinking, it crumbles to dust.
The manticore barely misses you. The manticore claws you.
* * * LOW HITPOINT WARNING * * *
The manticore closely misses you.
Unknown command.
You feel much better. You block Rupert's attack.
The manticore closely misses you. The manticore claws you.
* * * LOW HITPOINT WARNING * * *
The manticore misses you.
Unknown command.
Aiming: Bolt of Light
Press: ? - help, Shift-Dir - straight line, f - Rupert
Aim: Rupert, wielding a +2 great mace of protection and wearing a +1 chain mail of cold resistance (almost dead, berserk, 79% to hit)
The bolt of light hits Rupert!
Rupert is almost dead.
Rupert is blinded.
Rupert hits you with a +2 great mace of protection.
* * * LOW HITPOINT WARNING * * *
The manticore closely misses you. You block the manticore's attack.
The manticore closely misses you.
Unknown command.
Aiming: Bolt of Light
Press: ? - help, Shift-Dir - straight line, f/p - Rupert
Aim: Rupert, wielding a +2 great mace of protection and wearing a +1 chain mail of cold resistance (almost dead, berserk, blind, unable to see you, 79% to hit)
The bolt of light hits Rupert but does no damage.
Rupert is almost dead.
The manticore bites you!
You die...

############
#..........#
#...#..........#
#...#..........#
#...#..........#
#...#..........#
#...'....<.....#
..#.H.#......@...#
.....H#....Hh....#
.................
..............##.
#............##
#.####........
#....... #.......
#.#..... #.#.....


You could see Rupert (wandering, berserk, blind, unable to see you) and a
manticore.

Vanquished Creatures
  A two-headed ogre (D:9)
  A cyclops (D:11)
  Maurice (D:10)
  2 cane toads (D:8)
  2 unseen horrors (D:11)
  2 komodo dragons
  A troll (D:9)
  A hornet (D:9)
  A blink frog (D:8)
  3 wyverns
  A vampire (D:10)
  3 wraiths
  9 yaks
  A basilisk (D:8)
  Edmund (D:5)
  Menkaure (D:5)
  2 acid dragons (D:10)
  An orc warrior (D:7)
  3 ice beasts
  A sky beast (D:8)
  A black bear (D:7)
  An ogre (D:6)
  4 centaurs
  A phantom (D:5)
  A gnoll sergeant (D:9)
  4 kobold brigands
  3 bullfrogs
  9 wights
  4 killer bees (D:9)
  4 howler monkeys
  A bombardier beetle (D:3)
  A jelly (D:5)
  3 orc priests
  A gnoll bouda (D:4)
  5 hounds
  A sleepcap (D:7)
  3 iguanas (D:8)
  11 orc wizards
  22 gnolls
  13 adders
  A river rat (D:3)
  A shadow imp (D:6)
  4 white imps
  4 ufetubi (D:5)
  12 dart slugs
  4 ribbon worms
  36 orcs
  13 ball pythons
  15 endoplasms
  15 giant cockroaches
  7 goblins
  9 hobgoblins
  25 kobolds
  7 quokkas
  2 bats (D:1)
  10 frilled lizards
  7 rats
303 creatures vanquished.

Notes
Turn   | Place    | Note
-------+----------+-------------------------------------------
     0 | D:1      | Newt the Kobold Hunter began the quest for the Orb.
     0 | D:1      | Reached XP level 1. HP: 12/12 MP: 1/1
   267 | D:1      | Reached XP level 2. HP: 15/18 MP: 2/2
   502 | D:1      | Found a faded altar of an unknown god.
   569 | D:1      | Reached skill level 6 in Ranged Weapons
   606 | D:1      | Reached XP level 3. HP: 22/22 MP: 3/3
   910 | D:2      | Found Ucehuy Baann's Jewellery Boutique.
  1065 | D:2      | Reached XP level 4. HP: 28/28 MP: 4/4
  1754 | D:3      | Reached skill level 7 in Ranged Weapons
  1757 | D:3      | Reached XP level 5. HP: 32/32 MP: 5/5
  1770 | D:3      | Found a glowing drain.
  1774 | Sewer    | Entered a sewer
  2023 | Sewer    | Reached XP level 6. HP: 38/38 MP: 6/6
  2060 | Sewer    | Reached skill level 8 in Ranged Weapons
  2538 | D:3      | Reached skill level 9 in Ranged Weapons
  2538 | D:3      | Reached XP level 7. HP: 44/44 MP: 7/7
  2804 | D:3      | Reached skill level 5 in Fighting
  3349 | D:4      | Identified a scroll of acquirement
  3349 | D:4      | Acquired 962 gold pieces
  3455 | D:4      | Found Tentitaiwn's Assorted Antiques.
  3527 | D:2      | Bought a beast talisman for 220 gold pieces
  3527 | D:2      | Bought an amulet of reflection for 330 gold pieces
  3527 | D:2      | Bought a +6 ring of dexterity for 396 gold pieces
  3583 | D:4      | You fall into a shaft and drop 1 floor!
  3583 | D:5      | Entered Level 5 of the Dungeon
  3591 | D:5      | Noticed Menkaure
  3594 | D:5      | Killed Menkaure
  3595 | D:5      | Reached skill level 10 in Ranged Weapons
  3595 | D:5      | Reached XP level 8. HP: 51/51 MP: 8/8
  3624 | D:5      | Found a transporter.
  3672 | D:5      | Found a radiant altar of Vehumet.
  3753 | D:5      | Reached skill level 1 in Shapeshifting
  4135 | D:4      | Bought a scroll of identify for 48 gold pieces
  4135 | D:4      | Bought a glowing red potion for 21 gold pieces
  4135 | D:4      | Bought a smoky pink potion for 21 gold pieces
  4611 | D:5      | Found Oheyh's Weapon Shoppe.
  4618 | D:5      | Noticed Edmund
  4632 | D:5      | Killed Edmund
  4939 | D:5      | Found a transporter.
  5037 | D:5      | Noticed Vadun's ghost (novice TeFi)
  5316 | D:6      | Reached XP level 9. HP: 56/56 MP: 9/9
  5439 | D:6      | Found a staircase to the Ecumenical Temple.
  5446 | Temple   | Entered the Ecumenical Temple
  5914 | D:7      | Acquired the ring of Kidwy {^Drain rElec rN+++ EV+5 Str-4}
  6051 | D:7      | Reached skill level 5 in Shapeshifting
  6390 | D:7      | Identified the +2 spear of Destiny {protect, Str+2}
  6678 | D:8      | Found a broken altar of Ashenzari.
  7009 | D:8      | Found an ornate altar of the Wu Jian Council.
  7032 | D:8      | Reached XP level 10. HP: 33/65 MP: 10/10
  7123 | D:8      | Noticed a cane toad
  7127 | D:8      | Killed a cane toad
  7128 | D:8      | Reached skill level 11 in Ranged Weapons
  7158 | D:8      | Noticed a cane toad
  7167 | D:8      | Killed a cane toad
  7172 | D:8      | Reached skill level 12 in Ranged Weapons
  7177 | D:8      | Noticed a komodo dragon
  7371 | D:8      | Found a sparkling altar of Nemelex Xobeh.
  7545 | D:8      | Killed a komodo dragon
  7574 | D:8      | Found a staircase to the Lair.
  7681 | D:8      | Gained mutation: Your muscles are strong. (Str +4, Int/Dex
                  | -1) [potion of mutation]
  7681 | D:8      | Gained mutation: You have a pair of small antennae on your
                  | head. [potion of mutation]
  7681 | D:8      | Gained mutation: You have large cloven feet. [potion of
                  | mutation]
  7955 | D:9      | Reached skill level 13 in Ranged Weapons
  7970 | D:9      | Found Vahicedd's Armour Boutique.
  8410 | D:9      | Noticed a two-headed ogre
  8418 | D:9      | Killed a two-headed ogre
  8419 | D:9      | Reached skill level 10 in Fighting
  8438 | D:9      | Reached skill level 14 in Ranged Weapons
  8438 | D:9      | Reached XP level 11. HP: 16/72 MP: 11/11
  8738 | D:9      | Found an iron altar of Okawaru.
  8779 | D:9      | Became a worshipper of Warmaster Okawaru
  9223 | D:10     | Entered Level 10 of the Dungeon
  9252 | D:10     | Found a hazy altar of Hepliaklqana.
  9263 | D:10     | Noticed Maurice
  9567 | D:10     | Killed Maurice
  9617 | D:10     | Reached skill level 15 in Ranged Weapons
  9635 | D:10     | Reached * piety under Okawaru
 10093 | D:10     | Identified the +3 spear of Dishonesty {protect, Str+5
                  | Int+3}
 10320 | D:11     | Noticed a cyclops
 10326 | D:11     | Killed a cyclops
 10448 | D:11     | Reached ** piety under Okawaru
 10508 | D:11     | Reached skill level 16 in Ranged Weapons
 11558 | D:12     | Noticed Rupert
 11562 | D:12     | Noticed a manticore
 11581 | D:12     | HP: 1/75 [manticore (6)]
 11584 | D:12     | Slain by a manticore

Illustrated notes

Levels and vault maps discovered:
D:1:      co_arrival_square_in_a_square_in_a_square, layout_loops_ring,
          hellmonk_ecumenical_altar_defaced_shrine,
          hangedman_abyss_or_decor_lesser_grid
D:2:      layout_rooms, serial_shops, shop
D:3:      layout_loops_corners, gup_sewer_entry_spiral
D:4:      layout_basic, serial_shops, nicolae_shop_tiny_glass
D:5:      layout_loops_cross, nicolae_overflow_crystal_walls, serial_shops,
          shop, gammafunk_ghost_hive, uniq_edmund, uniq_menkaure
D:6:      layout_gridville, minmay_temple_entry_antechambers, serial_park_tiny_2
D:7:      layout_loops_ring
D:8:      layout_basic, nemelex_diamond_rough_becter,
          mainiacjoe_overflow_catwalk_spiral, dpeg_lair_monsters,
          nicolae_concentric_dashed_squares_mild
D:9:      layout_grid_maze, okawaru_gym_becter, serial_shops,
          nicolae_shop_hallway_stairs
D:10:     layout_cave_pools, mainiacjoe_overflow_catwalk, uniq_maurice
D:11:     layout_irregular_city, nrook_pool_corridor
D:12:     layout_stronghold, kennysheep_orc_monster_closet_entryway,
          serial_column_ruins, column_ruins_hut_ruined,
          column_ruins_courtyard_long, column_ruins_corridor_dead_end,
          column_ruins_open_tiny, column_ruins_open_small,
          column_ruins_open_medium, hangedman_abyss_or_decor_jellyfish_corner,
          nicolae_shop_firing_range, uniq_rupert
Temple:   kb_temple_of_zot

Skill      XL: |  1  2  3  4  5  6  7  8  9 10 11 |
---------------+----------------------------------+-----
Ranged Weapons | 6 7 9 10 14 16 | 16.5
Fighting       | 3 4 5 6 8 10 11 | 11.6
Shapeshifting  | 4 7 |  7.0
Dodging        | |  2.4
Stealth        | |  1.3

Action                     |  1- 3 |  4- 6 |  7- 9 | 10-12 || total
---------------------------+-------+-------+-------+-------++-------
   Fire: Shortbow          |    68 |   173 |   292 |   299 ||   832
  Evoke: Wand              |       |       |       |     9 ||     9
    Use: Scroll            |       |    10 |    12 |     7 ||    29
         Potion            |       |       |     3 |     8 ||    11
 Armour: Leather armour    |     9 |    26 |    47 |    91 ||   173
  Dodge: Dodged            |    18 |    50 |    80 |   139 ||   287
  Block: Other             |       |       |    14 |    30 ||    44
         Reflection        |       |       |     2 |     1 ||     3
   Form: Beast             |       |       |     1 |       ||     1

Table legend: (Time is in decaauts)
 A = Elapsed time spent in this place.
 B = Non-inter-level travel time spent in this place.
 C = Inter-level travel time spent in this place.
 D = Time resting spent in this place.
 E = Time spent auto-exploring this place.
 F = Levels seen in this place.
 G = Mean time per level.
                   A        B        C        D        E       F      G
               +--------+--------+--------+--------+--------+-----+--------+
         Total |  11638 |  11081 |    557 |   1425 |   8173 |  14 |  831.3 |
       Dungeon |  11206 |  10650 |    556 |   1425 |   7936 |  12 |  933.8 |
        Temple |      1 |      0 |      1 |      0 |      0 |   1 |    1.0 |
         Sewer |    430 |    430 |      0 |      0 |    237 |   1 |  430.0 |
               +--------+--------+--------+--------+--------+-----+--------+

Top non-repeatable levels by time:
     D:9: 1561 daAuts
     D:3: 1349 daAuts
     D:8: 1252 daAuts
    D:11: 1228 daAuts
     D:5: 1032 daAuts
     D:1: 917 daAuts
     D:4: 899 daAuts
     D:7: 840 daAuts
    D:10: 796 daAuts
     D:2: 694 daAuts
     D:6: 596 daAuts
   Sewer: 430 daAuts
    D:12: 37 daAuts
  Temple: 1 daAuts
